 Dungeon Crawl Stone Soup version 0.31-a0-237-g2d982f9f85 (webtiles) character file.

Game seed: 5565433091526283745

212 innerfire43 the Trooper (level 5, -9/42 HPs)
             Began as a Demonspawn Monk on July 11, 2023.
             Mangled by an iguana (12 damage)
             ... on level 4 of the Dungeon.
             The game lasted 00:02:41 (2922 turns).

innerfire43 the Trooper (Demonspawn Monk)           Turns: 2922, Time: 00:02:41

Health: -9/42      AC:  2    Str: 14    XL:     5   Next: 58%
Magic:  5/5        EV: 13    Int: 11    God:
Gold:   138        SH:  6    Dex: 15    Spells: 4/4 levels left

rFire   . . .        i - +2 mace (heavy)
rCold   . . .        d - orb {light}
rNeg    . . .        b - +0 robe
rPois   .            (no helmet)
rElec   .            (no cloak)
rCorr   +            (no gloves)
SInv    .            (no boots)
Will    .....        (no amulet)
Stlth   +            m - ring of resist corrosion
HPRegen 0.27/turn    (no ring)
MPRegen 0.09/turn

%: no passive effects
@: glowing
A: large bone plates 2
a: no special abilities


You were on level 4 of the Dungeon.
You visited 1 branch of the dungeon, and saw 4 of its levels.

You collected 138 gold pieces.

Inventory:

Hand Weapons
 a - a +0 hand axe
 i - a +2 heavy mace (weapon)
 k - a +2 whip of flaming
Armour
 b - a +0 robe (worn)
 d - an orb of light (worn)
Jewellery
 m - a ring of resist corrosion (left hand)
Scrolls
 e - 3 scrolls of identify
 h - a scroll of enchant armour {unknown}
 j - 2 scrolls of poison
 l - a scroll of teleportation
 o - a scroll of torment {unknown}
 p - a scroll of summoning {unknown}
Potions
 c - a potion of ambrosia
 f - a potion of curing {unknown}
 g - a potion of brilliance {unknown}
 n - 2 potions of lignification {unknown}


   Skills:
 + Level 3.9 Fighting
 + Level 3.8(4.2) Axes
 * Level 2.2(3.4) Maces & Flails
 + Level 3.6 Dodging


You had 4 spell levels left.
You didn't know any spells.
Your spell library contained the following spells:

 Spells                   Type           Power      Damage    Failure   Level
 Necrotise                Necr           0%         1d4       34%         1
 Blink                    Tloc           0%         N/A       47%         2
 Vampiric Draining        Necr           0%         2d6       71%         3
 Manifold Assault         Tloc           0%         N/A       98%         4
 Agony                    Necr           0%         N/A       100%        5
 Storm Form               Tmut/Air       0%         N/A       100%        7


Dungeon Overview and Level Annotations

Branches:
Dungeon (4/15)
 Temple: D:4-7

Altars:


Innate Abilities, Weirdness & Mutations

You are mostly covered in large bone plates. (SH +6)


Message History

The goblin barely misses you.
You hit the iguana.
The iguana is almost dead.
The iguana barely misses you. The goblin hits you with a +0 dagger.
* * * LOW HITPOINT WARNING * * *
The iguana barely misses you. The goblin closely misses you.
You sock the iguana!
You kill the iguana!
You block the goblin's attack. The goblin hits you with a +0 dagger.
* * * LOW HITPOINT WARNING * * *
Unknown command.
You hit the goblin.
You kill the goblin!
Items here: )) †††.
An iguana comes into view.
An iguana is nearby!
Found a scroll labelled CIRPHEUC WUYX.
The iguana hisses angrily.
You barely miss the iguana. The iguana closely misses you.
You sock the iguana!
The iguana is heavily wounded.
The iguana bites you! You block the iguana's attack.
You barely miss the iguana.
The iguana is heavily wounded.
The iguana closely misses you. The iguana bites you!
An iguana is nearby!
You are too injured to fight recklessly!
You are too injured to fight recklessly!
An iguana is nearby!
You sock the iguana!
The iguana is almost dead.
You block the iguana's attack. The iguana barely misses you.
You hit the iguana but do no damage.
The iguana is almost dead.
The iguana bites you. The iguana bites you!
* * * LOW HITPOINT WARNING * * *
You hit the iguana but do no damage.
The iguana is almost dead.
The iguana bites you!
You die...

#.. #? #..##.
#..#.. #.....
#....## #.....
#.(.l# #...@#
#...)#########
###.†.........
#...........
#...........
#...........
#.<..)......
#...........
#...........


You could see an iguana.

Vanquished Creatures
  A hound (D:3)
  An iguana (D:4)
  5 adders
  An ufetubus (D:4)
  2 worms (D:2)
  2 dart slugs (D:3)
  7 orcs (D:3)
  8 ball pythons
  7 bats
  10 endoplasms
  A giant cockroach (D:3)
  5 goblins
  6 hobgoblins
  10 jackals (D:1)
  2 quokkas
  6 frilled lizards
  6 kobolds
  8 rats
88 creatures vanquished.

Notes
Turn   | Place    | Note
-------+----------+-------------------------------------------
     0 | D:1      | innerfire43 the Demonspawn Monk began the quest for the
                  | Orb.
     0 | D:1      | Reached XP level 1. HP: 18/18 MP: 1/1
   160 | D:1      | Gained mutation: You are partially covered in large bone
                  | plates. (SH +4) [demonic ancestry]
   160 | D:1      | Reached XP level 2. HP: 11/24 MP: 2/2
   416 | D:1      | Found a faded altar of an unknown god.
   557 | D:1      | Gained mutation: You are mostly covered in large bone
                  | plates. (SH +6) [demonic ancestry]
   557 | D:1      | Reached XP level 3. HP: 29/29 MP: 3/3
  1513 | D:2      | Reached XP level 4. HP: 35/35 MP: 4/4
  1518 | D:2      | Reached skill level 1 in Maces & Flails
  2225 | D:3      | Reached XP level 5. HP: 36/42 MP: 5/5
  2921 | D:4      | HP: 2/42 [iguana (13)]
  2922 | D:4      | Mangled by an iguana

Illustrated notes

Levels and vault maps discovered:
D:1:      matt_arrival_spirals, layout_basic,
          shapermc_ecumenical_altar_acropolis
D:2:      layout_loops_cross
D:3:      layout_basic
D:4:      layout_gridville, overflow_temple_1_default, minmay_circle_x

Skill      XL: |  1  2  3  4  5 |
---------------+----------------+-----
Axes           | 3 |  3.8
Dodging        | 3 |  3.6
Maces & Flails | 1 2 |  2.2
Fighting       | |  3.9

Action                     |  1- 3 |  4- 6 || total
---------------------------+-------+-------++-------
  Melee: Hand axe          |    74 |       ||    74
         Mace              |    22 |    85 ||   107
    Use: Scroll            |     2 |       ||     2
 Armour: Robe              |    20 |    13 ||    33
  Dodge: Dodged            |    60 |    60 ||   120
  Block: Orb               |    25 |    37 ||    62

Table legend: (Time is in decaauts)
 A = Elapsed time spent in this place.
 B = Non-inter-level travel time spent in this place.
 C = Inter-level travel time spent in this place.
 D = Time resting spent in this place.
 E = Time spent auto-exploring this place.
 F = Levels seen in this place.
 G = Mean time per level.
                   A        B        C        D        E       F      G
               +--------+--------+--------+--------+--------+-----+--------+
         Total |   3027 |   2936 |     91 |      0 |   2412 |   4 |  756.8 |
       Dungeon |   3027 |   2936 |     91 |      0 |   2412 |   4 |  756.8 |
               +--------+--------+--------+--------+--------+-----+--------+

Top non-repeatable levels by time:
     D:1: 1050 daAuts
     D:3: 1044 daAuts
     D:2: 759 daAuts
     D:4: 174 daAuts
